 Dungeon Crawl Stone Soup version 0.13.0-29-gdb529de (webtiles) character file.

987 LostMyPasswordAgain the Ruinous (level 7, -2/35 HPs)
             Began as a Deep Elf Wizard on Nov 9, 2013.
             Splashed by a jelly's acid (14 damage)
             ... on Level 5 of the Dungeon.
             The game lasted 00:27:08 (4189 turns).

LostMyPasswordAgain the Ruinous (Deep Elf Wizard)   Turns: 4189, Time: 00:27:09

HP  -2/35        AC  2     Str  4      XL: 7   Next: 60%
MP   1/22        EV 12     Int 25      God:
Gold 183         SH  0     Dex 13      Spells:  6 memorised,  1 level left

Res.Fire  : . . .   See Invis. : .   C - -1,+0 flail
Res.Cold  : . . .   Warding    : .   a - +0 elf robe
Life Prot.: . . .   Conserve   : .   (no shield)
Res.Poison: .       Res.Corr.  : .   b - +0 elf wizard hat
Res.Elec. : .       Clarity    : .   (no cloak)
Sust.Abil.: + .     Spirit.Shd : .   (no gloves)
Res.Mut.  : +       Stasis     : .   (no boots)
Res.Rott. : .       Flight     : .   w - amulet of resist mutation
Saprovore : . . .                    (no ring)
                                     s - ring of sustain abilities

@: very slightly contaminated, slightly resistant to hostile enchantments,
fairly stealthy
A: no striking features
a: no special abilities


You were on level 5 of the Dungeon.
You were not hungry.

You visited 1 branch of the dungeon, and saw 5 of its levels.

You collected 163 gold pieces.

Inventory:

Hand weapons
 C - a -1,+0 flail (weapon)
Armour
 a - a +0 elven robe (worn)
 b - a +0 elven wizard hat (worn)
Magical devices
 t - a wand of slowing (9)
 y - a wand of magic darts (7)
 F - a wand of lightning (6)
Comestibles
 d - 5 bread rations
 g - 3 meat rations
 l - an apple
 m - 2 pears
 n - 2 chunks of orc flesh
 p - a choko
 v - 2 rotting chunks of orc flesh
Scrolls
 f - a scroll of amnesia
 i - 2 scrolls of enchant armour {unknown}
 o - 2 scrolls of magic mapping
 q - 2 scrolls of remove curse
Jewellery
 s - a ring of sustain abilities (left hand)
 u - an uncursed ring of ice
 w - an amulet of resist mutation (around neck)
Potions
 e - a potion of invisibility {unknown}
 j - a potion of restore abilities {unknown}
 k - 4 potions of heal wounds {unknown}
 r - a potion of brilliance {unknown}
 z - 2 potions of speed {unknown}
 B - a potion of might {unknown}
 D - 3 potions of curing {unknown}
Books
 c - a book of Minor Magic

   Spells                             Type                      Level
   *Magic Dart                        Conjuration                  1
   *Blink                             Translocation                2
   *Call Imp                          Summoning                    2
   *Repel Missiles                    Charms/Air                   2
   Slow                               Hexes                        2
   *Conjure Flame                     Conjuration/Fire             3
   *Mephitic Cloud                    Conjuration/Poison/Air       3


   Skills:
 - Level 2.4 Dodging
 - Level 2.4 Stealth
 - Level 4.4 Spellcasting
 - Level 7.0 Conjurations
 + Level 2.8 Charms
 * Level 5.7 Summonings
 - Level 1.1 Translocations


You had one spell level left.
You knew the following spells:

 Your Spells              Type           Power        Failure   Level  Hunger
a - Magic Dart            Conj           ####         1%          1    None
b - Call Imp              Summ           ####......   1%          2    None
c - Repel Missiles        Chrm/Air       ##........   10%         2    None
d - Blink                 Tloc           N/A          10%         2    None
e - Conjure Flame         Conj/Fire      ###.....     8%          3    ##.....
f - Mephitic Cloud        Conj/Pois/Air  ###.....     12%         3    ##.....


Dungeon Overview and Level Annotations

Branches:
Dungeon (5/27)
 Temple: D:4-7

Altars:


Message History

The adder is heavily wounded.
The adder barely misses you.
You sock the adder!
You kill the adder!
Casting: Magic Dart
Confirm with . or Enter, or press ? or * to list all spells.
Aiming: Conjure Flame
Press: ? - help, Dir - move target cursor, p - jelly You miscast Conjure Flame.
The air around you burns with energy!
Casting: Conjure Flame
Confirm with . or Enter, or press ? or * to list all spells.
Aiming: Mephitic Cloud
Press: ? - help, Shift-Dir - straight line, f - centaur
Aim: a centaur, wielding a bow You miscast Mephitic Cloud.
Ouch! You gave yourself an electric shock.
You smell something rotten. (slot v)
A hobgoblin skeleton comes into view.
The jelly hits you.
You are splashed with acid!
The acid burns!
You die...

#.# #.. #.# #.# #z#
#.# #.# .. #.#
#.######'# #@#
##......... #J#
#........#. #c#
#........#. #.#
#.......... #.#
#........#. #.#
#.......c.. #.#
#........#.
#.######........##
#.......c..ยง....#.


You could see a centaur, a jelly and a hobgoblin skeleton.

Vanquished Creatures
  An ice beast (D:3)
  A phantom (D:4)
  2 ogres
  A centaur (D:5)
  A crimson imp (D:5)
  A hound (D:4)
  2 iguanas
  Jessica (D:3)
  A hound zombie (D:4)
  A gnoll (D:3)
  8 adders
  2 giant mites
  A worm (D:3)
  An adder skeleton (D:4)
  2 giant geckos
  2 oozes
  3 orcs (D:5)
  12 bats
  10 hobgoblins
  5 jackals
  10 kobolds
  3 quokkas
  8 giant cockroaches
  3 giant newts
  A gnoll skeleton (D:4)
  9 goblins
  A kobold zombie (D:5)
  9 rats
102 creatures vanquished.

Vanquished Creatures (collateral kills)
  3 gnolls (D:3)
3 creatures vanquished.

Grand Total: 105 creatures vanquished

Notes
Turn   | Place    | Note
--------------------------------------------------------------
     0 | D:1      | LostMyPasswordAgain, the Deep Elf Wizard, began the quest for the Orb.
     0 | D:1      | Reached XP level 1. HP: 8/8 MP: 7/7
   296 | D:1      | Reached XP level 2. HP: 13/13 MP: 4/10
  1045 | D:2      | Reached XP level 3. HP: 17/17 MP: 7/13
  1068 | D:2      | Learned a level 2 spell: Call Imp
  1071 | D:2      | Learned a level 2 spell: Blink
  1074 | D:2      | Learned a level 2 spell: Repel Missiles
  1102 | D:2      | Learned a level 3 spell: Conjure Flame
  1527 | D:2      | Reached XP level 4. HP: 15/22 MP: 4/16
  1772 | D:3      | Noticed an ogre
  1781 | D:3      | Killed an ogre
  1781 | D:3      | Reached skill level 5 in Conjurations
  1781 | D:3      | Reached XP level 5. HP: 26/26 MP: 2/18
  1907 | D:3      | Noticed an ice beast
  1928 | D:3      | Killed an ice beast
  1928 | D:3      | Reached skill level 6 in Conjurations
  1928 | D:3      | Reached XP level 6. HP: 31/31 MP: 1/20
  2044 | D:3      | Learned a level 3 spell: Mephitic Cloud
  2197 | D:3      | Noticed Jessica
  2205 | D:3      | Killed Jessica
  2210 | D:3      | Reached skill level 1 in Charms
  2692 | D:4      | Reached skill level 7 in Conjurations
  3126 | D:4      | Reached XP level 7. HP: 35/35 MP: 12/22
  3822 | D:5      | Entered Level 5 of the Dungeon
  3827 | D:5      | Reached skill level 5 in Summonings
  4189 | D:5      | Splashed by a jelly's acid

Action                   |  1- 3 |  4- 6 |  7- 9 || total
-------------------------+-------+-------+-------++-------
Melee: Unarmed           |     4 |       |       ||     4
       Flail             |       |     6 |     1 ||     7
 Cast: Magic Dart        |    99 |   120 |    58 ||   277
       Conjure Flame     |       |     3 |     2 ||     5
       Mephitic Cloud    |       |     2 |     4 ||     6
       Call Imp          |       |     2 |       ||     2
       Blink             |       |     1 |     5 ||     6
       Repel Missiles    |       |       |     2 ||     2
Evoke: Wand              |       |     1 |     3 ||     4
  Use: Scroll            |       |       |    11 ||    11
